 Dungeon Crawl Stone Soup version 0.17.1-3-g152610e (webtiles) character file.

117 Chiseanne the Skirmisher (level 5, -1/37 HPs)
             Began as a Halfling Chaos Knight on Mar 4, 2016.
             Succumbed to poison (a potion of poison)
             ... on level 3 of the Dungeon.
             The game lasted 00:06:33 (2169 turns).

Chiseanne the Skirmisher (Halfling Chaos Knight)    Turns: 2169, Time: 00:06:34

Health: -1/37      AC:  7    Str: 13    XL:     5   Next: 22%
Magic:  5/5        EV: 15    Int: 11    God:    Xom [....*.]
Gold:   120        SH:  0    Dex: 14    Spells: 0 memorised, 4 levels left

rFire  + . .     SeeInvis .     a - +0 hand axe (chaos)
rCold  + . .     Clarity  .     b - +2 leather armour
rNeg   . . .     SustAt   .     (shield restricted)
rPois  +         Gourm    .     v - +0 helmet
rElec  +         Spirit   .     (no cloak)
rCorr  +         Warding  .     (no gloves)
rMut   .         Stasis   .     h - +0 pair of boots
MR     .....                    (no amulet)
Stlth  +.........               (no ring)
                                (no ring)

@: lethally poisoned (-1 -> -23), resistant, not resistant to hostile
enchantments, very unstealthy
A: mutation resistance 1
a: Renounce Religion


You were on level 3 of the Dungeon.
You worshipped Xom.
You were a beloved toy of Xom.
You were not hungry.

You visited 1 branch of the dungeon, and saw 3 of its levels.

You collected 120 gold pieces.

Inventory:

Hand Weapons
 a - a +0 hand axe of chaos (weapon)
Missiles
 l - 17 arrows
 m - 67 sling bullets
 t - 2 throwing nets (quivered)
Armour
 b - a +2 leather armour (worn)
 h - a +0 pair of boots (worn)
 p - a +0 shield
 v - a +0 helmet (worn)
Jewellery
 x - an uncursed ring of protection from magic {unknown}
Scrolls
 k - a scroll of enchant weapon {unknown}
 o - a scroll of remove curse
 w - a scroll of teleportation
Potions
 d - 3 potions of might
 g - a potion of haste {unknown}
 i - a potion of lignification {unknown}
 j - a potion of flight {unknown}
 q - a potion of cancellation {unknown}
 s - a potion of poison
 u - a potion of berserk rage {unknown}
Comestibles
 c - 4 bread rations
 f - a beef jerky
 n - 4 fruits
 r - 2 slices of pizza


   Skills:
 * Level 3.7 Fighting
 + Level 3.2 Axes
 - Level 2.1 Armour
 * Level 3.3 Dodging


You had 4 spell levels left.
You didn't know any spells.

Dungeon Overview and Level Annotations

Branches:
Dungeon (3/15)

Altars:
Gozag
Nemelex Xobeh

Annotations:
D:3 Robin


Innate Abilities, Weirdness & Mutations

You are small and have problems with some larger weapons.
You are somewhat resistant to further mutation.


Message History

* * * LOW HITPOINT WARNING * * *
You feel sick.
The hobgoblin hits you but does no damage.
The goblin barely misses you. The hobgoblin hits you with a club.
* * * LOW HITPOINT WARNING * * *
The hobgoblin hits you.
* * * LOW HITPOINT WARNING * * *
Drink which item? (? for menu, Esc to quit)
It was a potion of poison.
That liquid tasted very nasty...
You are more poisoned.
Xom is highly amused!
Xom roars with laughter!
* * * LOW HITPOINT WARNING * * *
You feel sick. The goblin misses you.
The hobgoblin hits you but does no damage.
The hobgoblin misses you.
Drink which item? (? for menu, Esc to quit)
It was a potion of resistance.
You feel protected.
You die...
Xom is highly amused!

#.#
#..........#.#
#.#
#..........#.#
* *#.#
#.(........#.#
,, #.#
#..........#.#
* #.#
####.##......#
#.#
#.##.######
#.# #[##.# ∆
#g# #.,..#
#@#* ****####
#ggg[....,,*
*#ggw....%,,
,∆ .Sg......
,* #!.......,,
∆ ∆
#........,,*
#........ ,*
#........ ,*
,,, , , ,*


You could see a worm, Robin, an adder, 4 hobgoblins and 2 goblins.

Vanquished Creatures
  6 adders
  A gnoll (D:1)
  An ooze (D:2)
  3 giant geckos
  9 goblins
  6 hobgoblins
  2 quokkas
  9 bats
  A giant newt (D:1)
  4 kobolds
  5 rats
  3 plants (D:1)
50 creatures vanquished.

Notes
Turn   | Place    | Note
--------------------------------------------------------------
     0 | D:1      | Chiseanne the Halfling Chaos Knight began the quest for the Orb.
     0 | D:1      | Reached XP level 1. HP: 15/15 MP: 1/1
   103 | D:1      | Reached XP level 2. HP: 20/20 MP: 2/2
   204 | D:1      | Reached skill level 3 in Fighting
   232 | D:1      | Reached XP level 3. HP: 12/26 MP: 3/3
   496 | D:1      | XOM: silly message
   682 | D:1      | XOM: divination: detect creatures
   994 | D:2      | XOM: harmless Conj miscast
  1028 | D:2      | Found an opulent altar of Gozag.
  1085 | D:2      | XOM: silly message
  1105 | D:2      | Reached XP level 4. HP: 31/31 MP: 4/4
  1231 | D:2      | XOM: divination: detect creatures
  1237 | D:2      | Found a sparkling altar of Nemelex Xobeh.
  1459 | D:2      | XOM: divination: detect creatures
  1498 | D:2      | XOM is BORED!
  1498 | D:2      | XOM: medium Conj miscast
  1498 | D:2      | XOM: smoke on damage
  1713 | D:3      | XOM: divination: detect items
  1801 | D:3      | Reached XP level 5. HP: 13/37 MP: 5/5
  1846 | D:3      | XOM: god gift: 27 gold pieces
  1852 | D:3      | XOM: harmless Divn miscast
  2065 | D:3      | XOM: divination: magic mapping
  2155 | D:3      | Noticed Robin
  2168 | D:3      | HP: 1/37 [poison (a potion of poison)]
  2169 | D:3      | Succumbed to poison (a potion of poison)

Action                   |  1- 3 |  4- 6 || total
-------------------------+-------+-------++-------
Melee: Hand axe          |   134 |    80 ||   214
  Use: Scroll            |       |     4 ||     4
       Potion            |       |     2 ||     2
 Stab: Confused          |     1 |     1 ||     2
       Paralysed         |     1 |       ||     1
  Eat: Chunk             |     1 |     3 ||     4
